 Dungeon Crawl Stone Soup version 0.19.4-8-ga85b6b9 (console) character file.

25309 Morrissey the Grappler (level 12, -13/97 HPs)
             Began as a Green Draconian Transmuter on Jan 8, 2017.
             Was a High Priest of Makhleb.
             Killed from afar by a fire dragon (50 damage)
             ... with a blast of flame
             ... on level 3 of the Lair of Beasts on Feb 15, 2017.
             The game lasted 00:44:57 (15372 turns).

Morrissey the Grappler (DrTm)                      Turns: 15372, Time: 00:44:58

Health: -13/97     AC: 14    Str: 13    XL:     12   Next: 88%
Magic:  11/16      EV: 20    Int: 18    God:    Makhleb [*****.]
Gold:   1080       SH:  3    Dex: 17    Spells: 4 memorised, 3 levels left

rFire  . . .     SeeInvis +       - Unarmed
rCold  . . .     Gourm    .     (armour unavailable)
rNeg   . . .     Faith    .     (shield currently unavailable)
rPois  +         Spirit   .     L - +2 hat
rElec  .         Reflect  +     y - +0 cloak (curse)
rCorr  .         Harm     .     (gloves currently unavailable)
MR     .....                    D - +2 pair of boots
Stlth  ++........               h - +3 amulet of reflection
                                m - ring of see invisible
                                M - +5 ring of dexterity

@: about to teleport, blade hands
A: breathe noxious fumes, unfitting armour, poison resistance, cold-blooded, AC
+8
a: Breathe Noxious Fumes, End Transformation, Minor Destruction, Lesser Servant
of Makhleb, Major Destruction, Greater Servant of Makhleb, Renounce Religion


You were on level 3 of the Lair of Beasts.
You worshipped Makhleb.
Makhleb was extremely pleased with you.
You were not hungry.
You had blades for hands.
You visited 3 branches of the dungeon, and saw 15 of its levels.

You collected 1080 gold pieces.

Inventory:

Missiles
 o - 471 stones (quivered)
 H - 15 arrows
Armour
 y - a cursed +0 cloak (worn)
 D - a +2 pair of boots (worn)
 L - a +2 hat (worn)
Magical Staves
 b - an uncursed staff of energy
Jewellery
 h - a +3 amulet of reflection (around neck)
 m - a ring of see invisible (right scythe-like blade)
 w - an uncursed ring of resist corrosion
 M - a +5 ring of dexterity (left scythe-like blade)
Wands
 g - a wand of confusion (3/48)
 l - a wand of lightning (0/15)
 G - a wand of iceblast (0/15)
 I - a wand of hasting (7/9)
 Q - a wand of disintegration (9/24)
Scrolls
 e - 3 scrolls of magic mapping
 i - 11 scrolls of remove curse
 j - 5 scrolls of teleportation
 q - 5 scrolls of fear
 r - a scroll of amnesia
 E - a scroll of enchant weapon
Potions
 d - 3 potions of brilliance
 k - a potion of agility
 n - a potion of ambrosia {unknown}
 p - 5 potions of heal wounds
 u - a potion of mutation
 v - 9 potions of curing
 x - a potion of berserk rage {unknown}
 B - 2 potions of cure mutation
 C - a potion of magic
 J - a potion of invisibility
 K - 2 potions of beneficial mutation {unknown}
 N - 3 potions of flight
 P - 2 potions of might
Books
 t - a book of Geomancy

   Spells                             Type                      Level
   a - Sandblast                      Earth                        1
   b - Passwall                       Transmutation/Earth          2
   c - Stone Arrow                    Conjuration/Earth            3
   d - Petrify                        Transmutation/Earth          4
   e - Lee's Rapid Deconstruction     Earth                        5
 A - a book of Changes

   Spells                             Type                      Level
   a - Beastly Appendage              Transmutation                1
   b - Sticks to Snakes               Transmutation                2
   c - Spider Form                    Transmutation/Poison         3
   d - Ice Form                       Ice/Transmutation            4
   e - Blade Hands                    Transmutation                5
 F - the Tome of Arcane Weapons
   (You acquired it on level 3 of the Lair of Beasts)

   Spells                             Type                      Level
   a - Dazzling Spray                 Conjuration/Hexes            3
   b - Throw Icicle                   Conjuration/Ice              4
   c - Fulminant Prism                Conjuration/Hexes            4
   d - Bolt of Magma                  Conjuration/Fire/Earth       5
   e - Bolt of Fire                   Conjuration/Fire             6
Comestibles
 a - 3 chunks of flesh
 c - 9 bread rations
 f - 10 fruits
 s - 10 meat rations
 z - 9 slices of pizza


   Skills:
 + Level 6.6 Fighting
 - Level 11.0 Dodging
 - Level 12.3 Unarmed Combat
 - Level 2.7 Spellcasting
 - Level 10.2 Transmutations
 - Level 4.0 Ice Magic
 - Level 2.6 Poison Magic
 + Level 6.6 Invocations


You had 3 spell levels left.
You knew the following spells:

 Your Spells              Type           Power        Failure   Level  Hunger
a - Beastly Appendage     Tmut           #####.       12%         1    None
b - Spider Form           Tmut/Pois      ####......   28%         3    ###....
c - Blade Hands           Tmut           #####.....   45%         5    ######.
d - Ice Form              Ice/Tmut       ####....     50%         4    ####...


Dungeon Overview and Level Annotations

Branches:
Dungeon (11/15)            Temple (1/1) D:5            Lair (3/6) D:8
  Snake (0/4) Lair:3
  Swamp: Lair:2-4    Shoals: Lair:2-4       Orc: D:9-12

Altars:
Ashenzari
Cheibriados
Dithmenos
Elyvilon
Fedhas
Gozag
Hepliaklqana
Kikubaaqudgha
Makhleb
Nemelex Xobeh
Okawaru
Qazlal
Ru
Sif Muna
Trog
Uskayaw
Vehumet
Xom
Yredelemnul
Zin
The Shining One

Shops:
D:6 [   D:8 (

Annotations:
D:3 exclusions: 2 downstairs and 1 more exclusion
D:5 exclusion: downstairs
D:6 exclusion: downstairs
D:10 exclusion: downstairs


Innate Abilities, Weirdness & Mutations

You can breathe blasts of noxious fumes.
Your lurid green scales are hard. (AC +8)
You cannot fit into any form of body armour.
Your system is resistant to poisons. (rPois)
You are cold-blooded and may be slowed by cold attacks.


Message History

* * * LOW HITPOINT WARNING * * *
You slash the fire dragon!
The fire dragon is lightly wounded.
You have got your breath back.
The fire dragon misses you. The fire dragon barely misses you.
The fire dragon tramples you but does no damage.
You slash the fire dragon!
The fire dragon is moderately wounded.
You hit the fire dragon but do no damage.
The fire dragon is moderately wounded.
The fire dragon bites you!
* * * LOW HITPOINT WARNING * * *
The fire dragon completely misses you.
The fire dragon tramples you but does no damage.
As you read the scroll of teleportation, it crumbles to dust.
You feel strangely unstable. The fire dragon breathes flames at you.
The blast of flame hits you!
Ouch! That really hurt!
You die...

#.# ######
# ##.# #
#..# #.##
#.# ##.#
#..#
##..##
#.@.†#
#..D...#
#......#
#.......#
#........#
#≈≈......#
#≈≈≈.....#
#≈≈≈≈≈..≈#


You could see a fire dragon.

Vanquished Creatures
  Gastronok (Lair:1)
  Urug (Lair:3)
  Sonja (Lair:3)
  The ghost of Jovan the Carver, a novice DgGl (D:7)
  A hill giant (D:10)
  An ugly thing (D:11)
  4 elephants (Lair:3)
  5 black mambas
  A centaur zombie (D:10)
  2 spiny frogs
  3 komodo dragons
  A two-headed ogre (D:11)
  Prince Ribbit (D:5)
  A hornet (D:11)
  4 blink frogs (Lair:3)
  3 hippogriffs
  Sigmund (D:5)
  The ghost of Kiturien the Magician, an amateur TeAE of Vehumet (D:4)
  2 wyverns (D:9)
  A shadow (D:11)
  Eustachio (D:5)
  34 yaks
  9 water moccasins
  2 porcupines (Lair:2)
  Duvessa (D:5)
  2 sky beasts
  4 orc warriors
  3 ice beasts
  A phantom (D:8)
  7 ogres
  A black bear (D:10)
  A centaur (D:6)
  10 wolves
  5 crocodiles
  2 big kobolds
  14 bullfrogs
  Dowan (D:5)
  5 scorpions
  15 killer bees
  3 howler monkeys (D:8)
  A bullfrog zombie (D:6)
  5 crimson imps
  5 hounds
  5 orc priests
  3 jellies
  4 bullfrog skeletons
  8 orc wizards
  5 centaur skeletons
  Jessica (D:2)
  Ijyb (D:2)
  Terence (D:2)
  4 iguanas
  10 worker ants
  A killer bee zombie (D:6)
  4 hound skeletons
  14 adders
  13 gnolls
  A river rat (D:8)
  5 shadow imps
  5 oozes
  2 adder skeletons
  A worm (D:2)
  A dart slug (D:2)
  10 leopard geckos
  27 orcs
  6 giant cockroaches
  11 goblins
  6 hobgoblins
  16 jackals
  13 kobolds
  4 quokkas
  5 ball pythons
  11 bats
  7 frilled lizards
  2 leopard gecko skeletons
  A leopard gecko zombie (D:5)
  17 rats
393 creatures vanquished.

Vanquished Creatures (collateral kills)
  A wyvern (Lair:3)
  A water moccasin (Lair:3)
  A porcupine (Lair:3)
  4 wolves (Lair:3)
  A killer bee (D:8)
8 creatures vanquished.

Vanquished Creatures (others)
  A wizard (D:6)
  15 fungi
  2 plants (Lair:3)
18 creatures vanquished.

Grand Total: 419 creatures vanquished

Notes
Turn   | Place    | Note
-------+----------+-------------------------------------------
     0 | D:1      | Morrissey the Draconian Transmuter began the quest for the Orb.
     0 | D:1      | Reached XP level 1. HP: 16/16 MP: 3/3
   105 | D:1      | Upgraded the game from 0.19.1-1-g22dce08 to 0.19.4
   161 | D:1      | Reached XP level 2. HP: 23/23 MP: 3/5
   755 | D:1      | Reached XP level 3. HP: 28/28 MP: 6/6
   823 | D:1      | Learned a level 3 spell: Spider Form
  1480 | D:2      | Noticed Jessica
  1511 | D:2      | Killed Jessica
  1511 | D:2      | Reached XP level 4. HP: 35/35 MP: 3/7
  1548 | D:2      | Found a sacrificial altar of Ru.
  1681 | D:2      | Reached skill level 4 in Unarmed Combat
  1999 | D:2      | Reached XP level 5. HP: 26/40 MP: 3/8
  2170 | D:3      | Noticed Ijyb
  2230 | D:2      | Killed Ijyb
  2352 | D:3      | Noticed Terence
  2394 | D:3      | HP: 2/40 [Terence/trident (3)]
  2516 | D:2      | Killed Terence
  2771 | D:3      | Learned a level 4 spell: Ice Form
  3243 | D:3      | Reached XP level 6. HP: 44/47 MP: 9/9
  3337 | D:4      | Noticed Kiturien's ghost (amateur TeAE)
  3436 | D:4      | Found a blossoming altar of Fedhas.
  3440 | D:4      | Reached skill level 5 in Unarmed Combat
  3545 | D:4      | Killed Kiturien's ghost
  3859 | D:4      | Your scales start taking on a lurid green colour.
  3859 | D:4      | Reached XP level 7. HP: 44/52 MP: 7/10
  3859 | D:4      | Gained mutation: Your system is resistant to poisons. (rPois) [Green Draconian growth]
  4265 | D:5      | Entered Level 5 of the Dungeon
  4265 | D:5      | Noticed Sigmund
  4281 | D:5      | Killed Sigmund
  4281 | D:5      | Reached skill level 5 in Dodging
  4281 | D:5      | Reached skill level 6 in Unarmed Combat
  4314 | D:5      | Noticed Prince Ribbit
  4367 | D:5      | Killed Prince Ribbit
  4575 | D:5      | Upgraded the game from 0.19.4 to 0.19.4-8-ga85b6b9
  4647 | D:5      | Reached XP level 8. HP: 50/59 MP: 8/11
  4727 | D:5      | Found a staircase to the Ecumenical Temple.
  4762 | Temple   | Entered the Ecumenical Temple
  4872 | Temple   | Became a worshipper of Makhleb the Destroyer
  4925 | D:5      | Noticed Duvessa
  4929 | D:5      | Noticed Dowan
  4944 | D:5      | Killed Duvessa
  4981 | D:5      | Killed Dowan
  5125 | D:5      | Reached skill level 7 in Unarmed Combat
  5339 | D:5      | Reached skill level 5 in Transmutations
  5501 | D:5      | Noticed Eustachio
  5508 | D:5      | Killed Eustachio
  5508 | D:5      | Reached skill level 1 in Poison Magic
  5772 | D:6      | Found Nen Jem's Antique Armour Shop.
  5815 | D:6      | Reached * piety under Makhleb
  6079 | D:6      | Reached XP level 9. HP: 33/64 MP: 8/12
  6276 | D:6      | Reached skill level 8 in Unarmed Combat
  6440 | D:6      | Found a bloodstained altar of Trog.
  6543 | D:6      | Noticed a wizard
  6546 | D:6      | Killed a wizard
  6663 | D:7      | Noticed Jovan's ghost (novice DgGl)
  6673 | D:7      | Killed Jovan's ghost
  6673 | D:7      | Reached skill level 1 in Ice Magic
  6765 | D:7      | Reached ** piety under Makhleb
  7201 | D:7      | Learned a level 5 spell: Blade Hands
  7306 | D:7      | Reached skill level 9 in Unarmed Combat
  7351 | D:7      | Got an ichor-stained shield
  7352 | D:7      | Identified the cursed -5 shield "Axeregile" {rCorr MP+9 Slay+2} (You found it on level 7 of the Dungeon)
  7556 | D:7      | Reached XP level 10. HP: 71/71 MP: 14/14
  7898 | D:8      | Reached *** piety under Makhleb
  8661 | D:8      | Found Wopuv's Antique Weapon Emporium.
  8856 | D:8      | Found a staircase to the Lair.
  9571 | D:10     | Entered Level 10 of the Dungeon
  9600 | D:10     | Reached **** piety under Makhleb
  9600 | D:10     | Reached skill level 10 in Unarmed Combat
 10055 | D:10     | Reached XP level 11. HP: 47/77 MP: 15/15
 10251 | D:11     | Noticed a hill giant
 10265 | D:10     | Killed a hill giant
 10462 | D:11     | Noticed a green ugly thing
 10496 | D:11     | Killed a green ugly thing
 11083 | D:11     | Reached skill level 11 in Unarmed Combat
 11397 | D:11     | Reached skill level 10 in Dodging
 11688 | Lair:1   | Entered Level 1 of the Lair of Beasts
 11701 | Lair:1   | Noticed Gastronok
 11734 | Lair:1   | Killed Gastronok
 12043 | Lair:1   | Reached skill level 10 in Transmutations
 12995 | Lair:1   | Reached XP level 12. HP: 83/83 MP: 10/16
 13479 | Lair:2   | Reached skill level 12 in Unarmed Combat
 13652 | Lair:2   | Found a dark tunnel.
 13747 | Lair:2   | Reached ***** piety under Makhleb
 14033 | Lair:2   | Reached skill level 1 in Invocations
 14770 | Lair:3   | Found a staircase to the Snake Pit.
 14790 | Lair:3   | Noticed Urug
 14855 | Lair:3   | Killed Urug
 14973 | Lair:3   | Noticed Sonja
 14986 | Lair:3   | Reached skill level 5 in Fighting
 14986 | Lair:3   | Reached skill level 5 in Invocations
 14993 | Lair:3   | Killed Sonja
 15040 | Lair:3   | Identified a scroll of acquirement
 15040 | Lair:3   | Identified the Tome of Arcane Weapons (You acquired it on level 3 of the Lair of Beasts)
 15336 | Lair:3   | Noticed a fire dragon
 15372 | Lair:3   | Killed from afar by a fire dragon

Skill      XL: |  1  2  3  4  5  6  7  8  9 10 11 12 |
---------------+-------------------------------------+-----
Dodging        | 2 3 4 5 6 7 9 10 11 | 11.0
Unarmed Combat | 4 5 6 7 9 10 11 12 | 12.3
Transmutations | 3 4 5 7 9 10 | 10.2
Poison Magic   | 2 |  2.6
Ice Magic      | 2 4 |  4.0
Invocations    | 6 |  6.6
Fighting       | 6 |  6.6
Spellcasting   | |  2.7

Action                   |  1- 3 |  4- 6 |  7- 9 | 10-12 || total
-------------------------+-------+-------+-------+-------++-------
Melee: Unarmed           |   125 |   200 |   387 |   946 ||  1658
       Tailslap          |     6 |    11 |    13 |    69 ||    99
       Kick              |     5 |     4 |       |       ||     9
       Headbutt          |     4 |     1 |       |     3 ||     8
       Punch             |       |     2 |     4 |    16 ||    22
Throw: Stone             |     4 |    12 |       |       ||    16
 Cast: Beastly Appendage |    15 |     4 |       |     1 ||    20
       Spider Form       |     2 |    13 |    28 |    38 ||    81
       Ice Form          |       |       |     1 |     9 ||    10
       Blade Hands       |       |       |       |    10 ||    10
Invok: Lesser Servant of |       |       |       |     1 ||     1
 Abil: End Transformatio |     1 |       |    12 |    32 ||    45
       Breathe Noxious F |       |       |    23 |    42 ||    65
Evoke: Wand              |       |       |       |     8 ||     8
  Use: Potion            |       |     9 |     2 |       ||    11
       Scroll            |       |     5 |     5 |    11 ||    21
 Stab: Sleeping          |     1 |       |     1 |       ||     2
       Confused          |       |       |     9 |    21 ||    30
       Distracted        |       |       |       |     1 ||     1
  Eat: Chunk             |     2 |     6 |    20 |    42 ||    70
       Meat ration       |       |     1 |       |       ||     1
       Beef jerky        |       |       |       |     1 ||     1
Armor: Skin              |    20 |    41 |    47 |   124 ||   232
Dodge: Dodged            |    75 |   179 |   224 |   636 ||  1114
Block: Other             |     9 |    20 |    34 |    78 ||   141
       Reflection        |     1 |     1 |       |       ||     2
